[Event "Titled Tuesday Blitz July 18 Late 2023"]
[White "Gomes, Luiz Alexandre de Souza"]
[Black "Llorente Zaro, Alfonso"]
[WhiteFideId "2102790"]
[BlackFideId "2254131"]
[WhiteElo "2349"]
[BlackElo "2755"]
[Result "1/2-1/2"]
[Round "3"]
[TimeControl "180+2"]
[Date "2023.07.18"]
[WhiteClock "0:00:51"]
[BlackClock "0:00:05"]
[Board "39"]

1. e4 d6 2. d4 Nf6 3. Bd3 e5 4. Ne2 Nc6 5. dxe5 dxe5 6. a3 a6 7. Nbc3 Bc5 8. O-O Ng4 9. g3 h5 10. Nd5 h4 11. Ne3 hxg3 12. hxg3 Nxe3 13. Bxe3 Bxe3 14. fxe3 Qg5 15. Qd2 Bg4 16. Kf2 O-O 17. Ke1 Rad8 18. Nc3 Rd6 19. Nd5 Ne7 20. Nxe7+ Qxe7 21. Qf2 Rb6 22. Rb1 Rd8 23. Qh2 Rh6 24. Qf2 c5 25. Bc4 Rf6 26. Qg2 Rdd6 27. Bd5 b5 28. Kd2 Rxf1 29. Rxf1 Rf6 30. Rf2 Qd6 31. Qf1 Rxf2+ 32. Qxf2 Bh5 33. Qf5 Bg6 34. Qc8+ Kh7 35. Qh3+ Kg8 36. Qc8+ Kh7 37. Qh3+ Kg8 38. Qc8+ 1/2-1/2


[Site "https://www.chess.com"]

[Event "Titled Tuesday Blitz July 18 Late 2023"]
[White "Taranenko, Evgueniy"]
[Black "Real_taiatai"]
[WhiteFideId "14122138"]
[WhiteElo "2747"]
[BlackElo "2339"]
[Result "1-0"]
[Round "3"]
[TimeControl "180+2"]
[Date "2023.07.18"]
[WhiteClock "0:00:45"]
[BlackClock "0:00:07"]
[Board "40"]

1. e4 e5 2. Nf3 Nc6 3. Bc4 Nf6 4. Ng5 d5 5. exd5 Na5 6. Bb5+ c6 7. dxc6 bxc6 8. Qf3 h6 9. Ne4 Nd5 10. Bd3 Be6 11. a3 Be7 12. Ng3 O-O 13. Bf5 Nf4 14. d3 Bd5 15. Be4 Bxe4 16. dxe4 Ne6 17. Nf5 Bg5 18. O-O Nc4 19. b3 Nd4 20. Nxd4 Qxd4 21. c3 Qb6 22. Bxg5 hxg5 23. bxc4 Qb2 24. Nd2 Qxd2 25. Rad1 Qb2 26. Rd6 Qxa3 27. Rxc6 Rfc8 28. Rxc8+ Rxc8 29. Rd1 Qe7 30. Qf5 Rd8 31. Rd5 Rb8 32. g3 g6 33. Qxe5 Qxe5 34. Rxe5 Rc8 35. Rxg5 Rxc4 36. Ra5 Rxc3 37. Rxa7 Rc4 38. f3 Kg7 39. Ra2 Rc3 40. Kf2 Kf6 41. Rd2 Kg5 42. h4+ Kf6 43. Ke2 Rb3 44. Rd3 Rb2+ 45. Ke3 Rb1 46. Kf4 Rg1 47. Rd6+ Kg7 48. Ra6 Re1 49. g4 Rb1 50. Ra7 Rb5 51. e5 Rb4+ 52. Kg3 Rb5 53. e6 Kh6 54. Rxf7 g5 55. hxg5+ Kg6 56. Rf6+ Kxg5 57. Rf5+ Rxf5 58. gxf5 1-0


[Site "https://www.chess.com"]

[Event "Titled Tuesday Blitz July 18 Late 2023"]
[White "Riehle, Marco"]
[Black "Manon-og, Ramon Jr."]
[WhiteFideId "12904392"]
[BlackFideId "5200776"]
[WhiteElo "2742"]
[BlackElo "2313"]
[Result "0-1"]
[Round "3"]
[TimeControl "180+2"]
[Date "2023.07.18"]
[WhiteClock "0:00:30"]
[BlackClock "0:00:10"]
[Board "41"]

1. e4 c5 2. a3 d6 3. b4 Nf6 4. d3 e5 5. f4 Be7 6. Nf3 Bg4 7. bxc5 exf4 8. Bxf4 dxc5 9. Nbd2 O-O 10. Be2 Nc6 11. O-O b6 12. h3 Bh5 13. Kh2 Re8 14. Ng5 Bxe2 15. Qxe2 Bd6 16. Kh1 Bxf4 17. Rxf4 Nd5 18. Rg4 Nd4 19. Qf2 f6 20. exd5 fxg5 21. Ne4 Rf8 22. Qd2 h6 23. Nc3 Qf6 24. Ne4 Qe5 25. Re1 Qxd5 26. Nc3 Qf5 27. Rge4 Qf2 28. Ne2 Nf3 29. Qd1 Nxe1 30. Nf4 Rxf4 31. Rxe1 Raf8 32. Kh2 R4f7 33. Re2 Qf4+ 34. g3 Qf3 35. Qe1 Rf6 36. Rg2 h5 37. c3 h4 38. gxh4 gxh4 39. Qe7 Qf4+ 40. Kh1 R6f7 41. Qe6 Qf1+ 42. Kh2 Qf4+ 43. Kh1 Kh8 44. Qd5 Rf6 45. Qd7 Qf1+ 46. Kh2 R6f7 47. Qd5 Qf4+ 48. Kh1 Rf5 49. Qb7 Rg5 50. Rg4 Rxg4 51. hxg4 Qxg4 52. Qc6 Qf3+ 53. Qxf3 Rxf3 54. d4 Rd3 55. dxc5 bxc5 56. c4 Rxa3 57. Kg2 Rc3 0-1


[Site "https://www.chess.com"]

[Event "Titled Tuesday Blitz July 18 Late 2023"]
[White "Mikhailovsky, Vladimir"]
[Black "Francisco_Ferrari"]
[WhiteFideId "34105414"]
[WhiteElo "2737"]
[BlackElo "2195"]
[Result "1-0"]
[Round "3"]
[TimeControl "180+2"]
[Date "2023.07.18"]
[WhiteClock "0:00:20"]
[BlackClock "0:00:13"]
[Board "42"]

1. e4 e5 2. Nf3 Nc6 3. Nc3 Nf6 4. d4 exd4 5. Nxd4 Bb4 6. Nxc6 bxc6 7. Bd3 O-O 8. O-O Re8 9. Qf3 d5 10. exd5 cxd5 11. h3 h6 12. Bf4 c6 13. Rad1 Be6 14. Ne2 Bd6 15. Nd4 Qc7 16. Bxh6 Be5 17. Be3 Ne4 18. Bxe4 dxe4 19. Qe2 Bd5 20. c4 Be6 21. b3 a5 22. Qc2 a4 23. Rfe1 axb3 24. axb3 Ra3 25. Bc1 Raa8 26. Qxe4 Bxh3 27. Qxc6 Qxc6 28. Nxc6 Bc3 29. Rxe8+ Rxe8 30. gxh3 Re6 31. Nd4 Rg6+ 32. Kf1 Rd6 33. Be3 Rg6 34. c5 f5 35. c6 f4 36. c7 fxe3 37. c8=Q+ Kh7 38. Qxc3 exf2 39. Kxf2 Rg2+ 40. Kxg2 g5 41. Qg3 g4 42. Qxg4 Kh6 43. Kh2 Kh7 44. Rg1 Kh6 45. Qh4# 1-0


[Site "https://www.chess.com"]

[Event "Titled Tuesday Blitz July 18 Late 2023"]
[White "brm72"]
[Black "Naroditsky, Daniel"]
[BlackFideId "2026961"]
[WhiteElo "2587"]
[BlackElo "3133"]
[Result "0-1"]
[Round "3"]
[TimeControl "180+2"]
[Date "2023.07.18"]
[WhiteClock "0:01:40"]
[BlackClock "0:02:30"]
[Board "43"]

1. e4 Nf6 2. e5 Nd5 3. d4 d6 4. Nf3 dxe5 5. Nxe5 c6 6. Be2 Bf5 7. O-O Nd7 8. Nf3 e6 9. c4 N5f6 10. Nc3 Bd6 11. h3 h6 12. Be3 O-O 13. Qd2 Qc7 14. b3 Bb4 15. Qb2 Qa5 16. Bd2 Ba3 17. Na4 Qxa4 0-1


[Site "https://www.chess.com"]

[Event "Titled Tuesday Blitz July 18 Late 2023"]
[White "Jimenez Almeida, Luis David"]
[Black "Bortnyk, Mykola"]
[WhiteFideId "22242244"]
[BlackFideId "14120836"]
[WhiteElo "2577"]
[BlackElo "3035"]
[Result "0-1"]
[Round "3"]
[TimeControl "180+2"]
[Date "2023.07.18"]
[WhiteClock "0:00:01"]
[BlackClock "0:00:07"]
[Board "44"]

1. e4 Nf6 2. e5 Nd5 3. c4 Nb6 4. d4 d6 5. exd6 exd6 6. Nc3 Be7 7. Be3 O-O 8. Be2 Nc6 9. Nf3 Bg4 10. b3 Bf6 11. O-O Re8 12. Qd2 h6 13. h3 Bh5 14. a4 a5 15. d5 Nb4 16. Bxb6 Bxc3 17. Qxc3 Rxe2 18. Bd4 Nc2 19. Bxg7 Nxa1 20. Bxh6 f6 21. Nd4 Re7 22. Ne6 Qe8 23. Rxa1 Qg6 24. Bf4 Kh7 25. Re1 Rae8 26. Re3 Qf5 27. g4 Qb1+ 28. Re1 Qg6 29. Kh2 Bxg4 30. hxg4 Qxg4 31. Qh3+ Qxh3+ 32. Kxh3 Kg6 33. Kg4 Rh7 34. Bg3 Kf7 35. Rc1 Rg8+ 36. Kf3 c6 37. Bxd6 cxd5 38. cxd5 Rh3+ 39. Bg3 Rhh8 40. Rc7+ Kg6 41. Rxb7 Rc8 42. Rc7 Rce8 43. Rc4 Rh7 44. Nf4+ Kf5 45. d6 Rb7 46. Rc5+ Re5 47. Rxe5+ fxe5 48. Nd5 Rxb3+ 49. Kg2 Ke6 50. Ne3 Rb4 51. d7 Kxd7 52. Bxe5 Rxa4 53. f4 Ra2+ 54. Kf3 a4 55. Ke4 a3 56. f5 Rf2 57. Nd5 a2 58. Ne3 Re2 59. Bf6 Re1 60. Be5 Ke7 61. f6+ Kf7 62. Bd4 Rb1 63. Be5 Rb5 64. Nd5 Ra5 65. Kd4 Ra4+ 66. Ke3 Ke6 67. f7 Kxf7 68. Kd3 Ra5 69. Kc4 Ke6 70. Ba1 Rxd5 71. Kb3 Ra5 72. Kb4 Ra8 0-1


[Site "https://www.chess.com"]

[Event "Titled Tuesday Blitz July 18 Late 2023"]
[White "Paravyan, David"]
[Black "Dobrikov, Marco"]
[WhiteFideId "4194985"]
[BlackFideId "12950378"]
[WhiteElo "3019"]
[BlackElo "2571"]
[Result "1-0"]
[Round "3"]
[TimeControl "180+2"]
[Date "2023.07.18"]
[WhiteClock "0:01:57"]
[BlackClock "0:00:38"]
[Board "45"]

1. e4 c6 2. d4 d5 3. e5 Bf5 4. Nf3 e6 5. Be2 Nd7 6. O-O c5 7. c4 dxc4 8. Nc3 Ne7 9. Bxc4 Bg4 10. d5 exd5 11. Nxd5 Nxd5 12. Bxd5 Be7 13. Qb3 O-O 14. e6 Bxe6 15. Bxe6 fxe6 16. Qxe6+ Rf7 17. Rd1 Bf6 18. Bg5 Qe8 19. Qb3 b6 20. Bxf6 gxf6 21. Re1 Qf8 22. Rad1 Kh8 23. Qe6 Qg7 24. g3 f5 25. Ng5 Rf6 26. Qxd7 Qxg5 27. Re7 Qg6 28. Qb7 Raf8 29. Rdd7 f4 30. Rxh7+ Kg8 31. Rdg7+ Qxg7 32. Qxg7# 1-0


[Site "https://www.chess.com"]

[Event "Titled Tuesday Blitz July 18 Late 2023"]
[White "Gatineau, Yovann"]
[Black "Duda, Jan-Krzysztof"]
[WhiteFideId "26028999"]
[BlackFideId "1170546"]
[WhiteElo "2564"]
[BlackElo "3006"]
[Result "0-1"]
[Round "3"]
[TimeControl "180+2"]
[Date "2023.07.18"]
[WhiteClock "0:00:03"]
[BlackClock "0:00:48"]
[Board "46"]

1. d4 b6 2. e4 Bb7 3. f3 e6 4. c4 g6 5. Nc3 Bg7 6. Be3 d6 7. Bd3 Nd7 8. Nge2 Ne7 9. O-O a6 10. Qd2 h6 11. Rae1 c5 12. d5 e5 13. Kh1 Bc8 14. a3 f5 15. exf5 gxf5 16. f4 e4 17. Bc2 Nf6 18. b4 h5 19. Na4 h4 20. Rb1 Kf7 21. Nxb6 Qxb6 22. bxc5 Qd8 23. cxd6 Qxd6 24. c5 Qd8 25. d6 Nc6 26. Bb3+ Kg6 27. Nd4 Bd7 28. Bg1 Qe8 29. Ba2 Rc8 30. Rb6 h3 31. Rfb1 Ng4 32. Nxc6 Rxc6 33. Rxc6 Bxc6 34. Bd5 e3 35. Qd3 Bxd5 36. Qxd5 Nf2+ 37. Bxf2 exf2 38. gxh3 Qe1+ 39. Kg2 f1=Q# 0-1


[Site "https://www.chess.com"]

[Event "Titled Tuesday Blitz July 18 Late 2023"]
[White "Kramnik, Vladimir"]
[Black "Grinev, Valeriy"]
[WhiteFideId "4101588"]
[BlackFideId "14117517"]
[WhiteElo "2977"]
[BlackElo "2555"]
[Result "1-0"]
[Round "3"]
[TimeControl "180+2"]
[Date "2023.07.18"]
[WhiteClock "0:00:47"]
[BlackClock "0:01:22"]
[Board "47"]

1. c4 e5 2. d3 Nc6 3. a3 a5 4. Nc3 g6 5. g3 Bg7 6. Bg2 d6 7. Rb1 Nge7 8. b4 axb4 9. axb4 O-O 10. b5 Nd4 11. e3 Ne6 12. Nge2 f5 13. f4 exf4 14. gxf4 Nc5 15. O-O c6 16. d4 Ne6 17. bxc6 bxc6 18. d5 cxd5 19. Nxd5 Ra2 20. Nec3 Ra7 21. Nb5 Ra2 22. Ndc3 Ra6 23. Bb2 Nc5 24. Nd5 Nxd5 25. Bxd5+ Kh8 26. Bxg7+ Kxg7 27. Qd4+ Qf6 28. Rfd1 Bb7 29. Bxb7 Nxb7 30. Nc7 Qxd4 31. exd4 Ra7 32. Ne6+ Kf7 33. Nxf8 Kxf8 34. Ra1 Na5 35. d5 Ke7 36. Rdb1 Kf6 37. Kg2 g5 38. Rb5 Nc6 39. dxc6 Rxa1 40. c7 Ra2+ 41. Kf1 Ra1+ 42. Ke2 Ra2+ 43. Kd3 Ra3+ 44. Kc2 Ra2+ 45. Rb2 Ra8 46. Rb8 Ra2+ 47. Kb3 Ra1 48. c8=Q gxf4 49. Qh8+ Kg5 50. Qxa1 h6 51. Rg8+ Kh5 52. Qf1 f3 53. Qh3# 1-0


[Site "https://www.chess.com"]

[Event "Titled Tuesday Blitz July 18 Late 2023"]
[White "Rustemov, Alexander"]
[Black "Trifan, Andrei Ioan"]
[WhiteFideId "4119002"]
[BlackFideId "12967068"]
[WhiteElo "2876"]
[BlackElo "2546"]
[Result "0-1"]
[Round "3"]
[TimeControl "180+2"]
[Date "2023.07.18"]
[WhiteClock "0:00:00"]
[BlackClock "0:00:24"]
[Board "48"]

1. d4 Nf6 2. c4 g6 3. Nf3 Bg7 4. g3 O-O 5. Bg2 d6 6. O-O Nbd7 7. Nc3 e5 8. e4 exd4 9. Nxd4 c6 10. h3 Qc7 11. Be3 Re8 12. Qc2 a5 13. Rfe1 Nc5 14. b3 Nfd7 15. Rad1 Nf8 16. f4 Nfe6 17. Ndb5 cxb5 18. Nxb5 Qe7 19. Nxd6 Rd8 20. e5 Bd7 21. g4 Bc6 22. f5 Bxe5 23. fxe6 Bxd6 24. exf7+ Qxf7 25. Rxd6 Rxd6 26. Bxc5 Re6 27. Rf1 Rf6 28. Re1 Re8 29. Qd2 Rxe1+ 30. Qxe1 Bxg2 31. Kxg2 Qe6 32. Qxe6+ Rxe6 33. Kf3 a4 34. Be3 axb3 35. axb3 Ra6 36. b4 Kf7 37. Ke4 Ke6 38. b5 Ra1 39. c5 Rh1 40. g5 Rxh3 41. Bf2 Rb3 42. b6 Rb4+ 43. Kd3 Kd5 44. Kc3 Rc4+ 45. Kd3 Rg4 46. Be3 Rg2 47. Kc3 Rg4 48. Kd3 Rb4 49. Kc3 Ra4 50. Kd3 Ra3+ 51. Ke2 Ke4 52. Bf2 Rb3 53. Bg1 Rb2+ 54. Ke1 Kd5 55. Be3 Rc2 56. Kd1 Rxc5 57. Bxc5 Kxc5 58. Kd2 Kxb6 59. Ke3 Kc5 60. Ke4 b5 61. Ke5 b4 62. Kf6 b3 63. Kg7 b2 64. Kxh7 b1=Q 65. Kh6 Qf5 0-1


[Site "https://www.chess.com"]

[Event "Titled Tuesday Blitz July 18 Late 2023"]
[White "Besedes, Danilo"]
[Black "Nguyen, Ngoc Truong Son"]
[WhiteFideId "946796"]
[BlackFideId "12401110"]
[WhiteElo "2521"]
[BlackElo "2876"]
[Result "1-0"]
[Round "3"]
[TimeControl "180+2"]
[Date "2023.07.18"]
[WhiteClock "0:01:00"]
[BlackClock "0:00:02"]
[Board "49"]

1. b3 Nf6 2. Bb2 g6 3. Bxf6 exf6 4. c4 f5 5. Nc3 Bg7 6. Rc1 O-O 7. g3 d6 8. Bg2 Nd7 9. e3 Nf6 10. Nge2 c6 11. d4 Bd7 12. O-O a5 13. a3 Qe7 14. b4 axb4 15. axb4 h5 16. b5 h4 17. Qb3 cxb5 18. Nxb5 Bc6 19. Nbc3 Bxg2 20. Kxg2 Ne4 21. Rfd1 h3+ 22. Kg1 Ra5 23. Nf4 Ng5 24. Nfd5 Rxd5 25. cxd5 Rc8 26. Qb1 Nf3+ 27. Kh1 Qg5 28. Ne2 Rf8 29. e4 Re8 30. e5 Nd2 31. Qd3 Ne4 32. Kg1 dxe5 33. dxe5 Bxe5 34. f4 Qg4 35. fxe5 Ng5 36. Rf1 Rxe5 37. Nf4 Ne4 38. d6 Qg5 39. d7 Nc5 40. d8=Q+ 1-0


[Site "https://www.chess.com"]

[Event "Titled Tuesday Blitz July 18 Late 2023"]
[White "Mattheii"]
[Black "Matinian, Nikita"]
[BlackFideId "24129100"]
[WhiteElo "2514"]
[BlackElo "2745"]
[Result "1-0"]
[Round "3"]
[TimeControl "180+2"]
[Date "2023.07.18"]
[WhiteClock "0:00:15"]
[BlackClock "0:00:23"]
[Board "50"]

1. d4 Nf6 2. Nf3 g6 3. Nc3 d5 4. Bf4 Bg7 5. e3 O-O 6. Nb5 Na6 7. Nc3 Nb8 8. Nb5 Na6 9. Nc3 Nh5 10. Be5 f6 11. Bg3 Nxg3 12. hxg3 c6 13. Bxa6 bxa6 14. O-O e5 15. Na4 e4 16. Nd2 h5 17. Nc5 f5 18. f4 Rf7 19. Kf2 Bf8 20. a4 Rb8 21. Ndb3 Rh7 22. Rh1 Be7 23. a5 Rb5 24. Qe2 Qf8 25. Rh3 Qf7 26. Rhh1 g5 27. Rh2 h4 28. Rah1 hxg3+ 29. Kxg3 Rxh2 30. Rxh2 gxf4+ 31. exf4 Qg6+ 32. Kf2 Rb8 33. Qh5 Qxh5 34. Rxh5 Bxc5 35. dxc5 d4 36. Nxd4 Rxb2 37. Nxf5 Rxc2+ 38. Ke3 Bxf5 39. Rg5+ Kf7 40. Rxf5+ Ke6 41. Re5+ Kf6 42. g4 Rc4 43. g5+ Kg6 44. Re6+ Kf5 45. Rf6+ Kg4 46. Rxc6 Kf5 47. Rf6+ Kg4 48. Rxa6 Rxc5 49. Rxa7 Rc3+ 50. Kxe4 Rc4+ 51. Ke5 Rxf4 52. g6 Rf5+ 53. Ke6 Kg5 54. g7 Rf6+ 55. Ke7 Rg6 56. Kf8 Kh6 57. g8=Q Rf6+ 58. Qf7 Rxf7+ 59. Kxf7 1-0


[Site "https://www.chess.com"]

[Event "Titled Tuesday Blitz July 18 Late 2023"]
[White "Meshkovs, Nikita"]
[Black "Berezin, Viktor"]
[WhiteFideId "11602740"]
[BlackFideId "14107872"]
[WhiteElo "2739"]
[BlackElo "2510"]
[Result "1-0"]
[Round "3"]
[TimeControl "180+2"]
[Date "2023.07.18"]
[WhiteClock "0:01:02"]
[BlackClock "0:00:11"]
[Board "51"]

1. d4 Nf6 2. c4 g6 3. h4 h5 4. Nc3 Bg7 5. e4 d6 6. Bg5 c6 7. Qd2 Nbd7 8. O-O-O Qa5 9. Kb1 a6 10. Nf3 b5 11. e5 b4 12. exf6 Nxf6 13. Ne2 Bf5+ 14. Ka1 Ne4 15. Qe1 Qa4 16. Nc1 b3 17. Nxb3 Rb8 18. Nfd2 Nxg5 19. hxg5 Bc2 20. Rh3 Bxd1 21. Qxd1 Bxd4 22. Be2 Bg7 23. Re3 e6 24. Ne4 d5 25. Nf6+ Bxf6 26. gxf6 Kd7 27. Nc5+ 1-0


[Site "https://www.chess.com"]

[Event "Titled Tuesday Blitz July 18 Late 2023"]
[White "Goltsev, Dmitry"]
[Black "Seyhanoglu, Deniz"]
[WhiteFideId "24176710"]
[BlackFideId "6302572"]
[WhiteElo "2706"]
[BlackElo "2420"]
[Result "0-1"]
[Round "3"]
[TimeControl "180+2"]
[Date "2023.07.18"]
[WhiteClock "0:00:49"]
[BlackClock "0:00:12"]
[Board "52"]

1. e4 d5 2. exd5 Qxd5 3. Nf3 Bg4 4. Be2 Nf6 5. Nc3 Qd8 6. h3 Bh5 7. d4 e6 8. Bg5 Nbd7 9. O-O c6 10. Qd2 Bd6 11. Rad1 Qc7 12. Rfe1 h6 13. Be3 Nd5 14. Nxd5 cxd5 15. c3 O-O 16. Bd3 Bxf3 17. gxf3 f5 18. Qc1 Nf6 19. Kh1 Qf7 20. Bf4 Bxf4 21. Qxf4 Qh5 22. Kh2 Rae8 23. Rg1 Kh8 24. Rde1 g5 25. Qg3 Rg8 26. Re5 g4 27. fxg4 Nxg4+ 28. Kh1 Nxf2+ 29. Qxf2 Qxh3+ 30. Qh2 Rxg1+ 31. Kxg1 Rg8+ 32. Kh1 Qf3+ 33. Qg2 Qxg2# 0-1


[Site "https://www.chess.com"]

[Event "Titled Tuesday Blitz July 18 Late 2023"]
[White "Haydon, David L"]
[Black "Bueno, Alfeu Junior Varela"]
[WhiteFideId "415405"]
[BlackFideId "2108879"]
[WhiteElo "2704"]
[BlackElo "2403"]
[Result "1-0"]
[Round "3"]
[TimeControl "180+2"]
[Date "2023.07.18"]
[WhiteClock "0:01:26"]
[BlackClock "0:00:01"]
[Board "53"]

1. e4 e6 2. d4 d5 3. Nd2 Nf6 4. e5 Nfd7 5. f4 c5 6. Ngf3 Nc6 7. c3 f6 8. exf6 Nxf6 9. Bd3 Bd6 10. g3 Qb6 11. dxc5 Bxc5 12. Nb3 Bf2+ 13. Kf1 e5 14. fxe5 Bh3+ 15. Ke2 Ng4 16. Bf4 O-O 17. Bxh7+ Kxh7 18. Ng5+ Kg8 19. Qxd5+ Kh8 20. Nxh3 Rae8 21. Kf3 Ncxe5+ 22. Kg2 Rxf4 23. Rhe1 Ne3+ 24. Rxe3 Bxe3 25. Nxf4 Bxf4 26. gxf4 Ng4 27. Qh5+ Kg8 28. Qxe8+ Kh7 1-0


[Site "https://www.chess.com"]

[Event "Titled Tuesday Blitz July 18 Late 2023"]
[White "Silva Lucena, Cristian"]
[Black "Dimitrov, Atanas"]
[WhiteFideId "2232588"]
[BlackFideId "2901315"]
[WhiteElo "2393"]
[BlackElo "2702"]
[Result "0-1"]
[Round "3"]
[TimeControl "180+2"]
[Date "2023.07.18"]
[WhiteClock "0:00:00"]
[BlackClock "0:00:03"]
[Board "54"]

1. e4 c5 2. Nf3 d6 3. d4 cxd4 4. Nxd4 Nf6 5. Nc3 Nc6 6. Bg5 e6 7. Qd2 Be7 8. O-O-O O-O 9. f3 Nxd4 10. Qxd4 Qa5 11. Qd2 Bd7 12. Kb1 Qc7 13. Bxf6 Bxf6 14. Qxd6 Qxd6 15. Rxd6 Bc6 16. Rd3 Rfd8 17. Be2 Bxc3 18. bxc3 Rdc8 19. Rd4 g6 20. Kb2 Kg7 21. Rhd1 Kf6 22. g3 Rc7 23. f4 Rac8 24. e5+ Ke7 25. Bc4 a5 26. Be2 Bd5 27. c4 Bxc4 28. Bxc4 Rxc4 29. Rd7+ Ke8 30. Rxb7 Rxc2+ 31. Kb1 R2c7 32. Rxc7 Rxc7 33. Rd6 Rb7+ 34. Kc2 Rc7+ 35. Kb3 Rb7+ 36. Ka3 Rb5 37. Ra6 Rd5 38. Ra8+ Ke7 39. Ra7+ Kf8 40. Rb7 g5 41. fxg5 Rxe5 42. h4 Kg7 43. Ka4 Kg6 44. Rb3 Kh5 45. Rf3 Kg6 46. Rf6+ Kg7 47. Rf3 Kg6 48. a3 Rd5 49. Rf6+ Kg7 50. Rf3 e5 51. Rf5 Kg6 52. Rf6+ Kg7 53. Rf5 Rc5 54. Rf3 e4 55. Re3 Re5 56. Kb3 f5 57. gxf6+ Kxf6 58. g4 h5 59. g5+ Kf5 60. Kc4 Kf4 61. Kd4 Re8 62. Re1 Rd8+ 63. Kc5 e3 64. Kb5 Ra8 65. g6 Kf3 66. Rf1+ Kg2 67. Rf5 e2 68. Re5 Kf2 69. Rf5+ Ke3 70. Re5+ Kd2 71. Rd5+ Kc2 72. Re5 Kd1 73. Rd5+ Ke1 74. g7 Rg8 75. Rd7 Kf2 76. Rf7+ Kg3 77. Re7 Kf2 78. Rf7+ Ke3 79. Re7+ Kd2 80. Rd7+ Kc3 81. Re7 Rxg7 82. Rxe2 Rg4 83. Kxa5 Rxh4 84. Kb5 Kb3 85. Re3+ Kc2 86. a4 Kd2 87. Rg3 Rg4 88. Rh3 h4 89. a5 Ke2 90. Kb6 Kf2 91. a6 Kg2 92. Rc3 h3 0-1


[Site "https://www.chess.com"]

[Event "Titled Tuesday Blitz July 18 Late 2023"]
[White "kripri"]
[Black "Bjelobrk, Igor"]
[BlackFideId "4300726"]
[WhiteElo "2333"]
[BlackElo "2662"]
[Result "0-1"]
[Round "3"]
[TimeControl "180+2"]
[Date "2023.07.18"]
[WhiteClock "0:00:46"]
[BlackClock "0:00:26"]
[Board "55"]

1. e4 e6 2. d4 d5 3. Nd2 c5 4. exd5 exd5 5. Bb5+ Nc6 6. Ngf3 cxd4 7. Nxd4 Bd7 8. Qe2+ Be7 9. N2f3 Nf6 10. O-O O-O 11. c3 Bd6 12. Bg5 Re8 13. Qc2 h6 14. Bh4 Nxd4 15. Nxd4 Bxh2+ 16. Kxh2 Ng4+ 17. Kg3 Qc7+ 18. f4 Re3+ 19. Rf3 g5 20. Bxd7 Qxf4+ 21. Kh3 Qh2+ 22. Kxg4 Qxh4+ 23. Kf5 Rxf3+ 24. Ke5 Rf2 25. Qd3 Qf4+ 26. Kxd5 Rd8 27. Qb5 Qc7 28. Ke4 Rxd7 29. Re1 Qf4+ 30. Kd3 Qd2+ 31. Kc4 Rxd4+ 32. cxd4 Qxe1 33. Qxb7 Rc2+ 34. Kd5 Qe6# 0-1


[Site "https://www.chess.com"]

[Event "Titled Tuesday Blitz July 18 Late 2023"]
[White "Cruz, William Ferreira Da"]
[Black "Schnaider, Ilan"]
[WhiteFideId "2118050"]
[BlackFideId "169013"]
[WhiteElo "2317"]
[BlackElo "2657"]
[Result "0-1"]
[Round "3"]
[TimeControl "180+2"]
[Date "2023.07.18"]
[WhiteClock "0:00:00"]
[BlackClock "0:01:45"]
[Board "56"]

1. d4 c6 2. c4 d5 3. Nc3 Nf6 4. Nf3 e6 5. e3 Nbd7 6. Qc2 b6 7. cxd5 cxd5 8. Nb5 Bb4+ 9. Bd2 Bxd2+ 10. Nxd2 O-O 11. Qc7 Qe7 12. Qd6 Qd8 13. Qc7 a6 14. Qxd8 Rxd8 15. Nc3 b5 16. Bd3 Nb6 17. Ke2 Bb7 18. Rhc1 Rac8 19. Nb3 Nfd7 20. Na5 Ba8 21. Nd1 Nc4 22. Nb3 e5 23. Nd2 exd4 24. exd4 Re8+ 25. Ne3 Ndb6 26. b3 Nd6 27. Rxc8 Rxc8 28. Kd1 Rc3 29. Be2 Rc7 30. Rc1 Re7 31. Bf3 f5 32. Rc5 Ne4 33. Bxe4 fxe4 34. Ke2 h5 35. Nb1 b4 36. a3 bxa3 37. Nxa3 Rb7 38. Nac2 Kf7 39. b4 Ra7 40. b5 Nd7 41. Rc8 axb5 42. Nb4 Nf6 43. Rb8 Bb7 44. Rd8 Ke7 0-1


[Site "https://www.chess.com"]

[Event "Titled Tuesday Blitz July 18 Late 2023"]
[White "StarkyNZ"]
[Black "Ganiev, Roman"]
[BlackFideId "4131452"]
[WhiteElo "2300"]
[BlackElo "2608"]
[Result "1/2-1/2"]
[Round "3"]
[TimeControl "180+2"]
[Date "2023.07.18"]
[WhiteClock "0:00:11"]
[BlackClock "0:00:08"]
[Board "57"]

1. c4 e5 2. g3 Nf6 3. Bg2 Bc5 4. e3 a6 5. Nc3 d6 6. Nge2 O-O 7. d4 exd4 8. exd4 Ba7 9. O-O Nc6 10. h3 Bf5 11. Be3 Re8 12. g4 Bg6 13. Nf4 Be4 14. Nxe4 Nxe4 15. Rc1 Nf6 16. g5 Nd7 17. Rc3 Nf8 18. h4 Ng6 19. Nxg6 hxg6 20. Qg4 Qc8 21. Qf4 Qf5 22. Qxf5 gxf5 23. Rd1 f4 24. Bxc6 bxc6 25. Bxf4 Re4 26. Be3 Rxh4 27. Ra3 c5 28. Rxa6 cxd4 29. Bxd4 c5 30. Be3 Rg4+ 31. Kf1 Re4 32. Rdxd6 Re7 33. Kg2 Kh7 34. Rdc6 Rae8 35. Bxc5 Bxc5 36. Rxc5 Re2 37. Rf5 Kg8 38. b4 Rb2 39. a3 Re4 40. Ra8+ Kh7 41. Kg3 Rb3+ 42. Rf3 Rb1 43. Rxf7 Rg1+ 44. Kf3 Rxc4 45. Rf4 Rc3+ 46. Ke2 Rxg5 47. Raf8 Re5+ 48. Kd2 Rxa3 49. Rf3 Ra2+ 50. Kc3 Ra1 51. Kc4 Rc1+ 52. Kb3 Rb1+ 53. Ka4 Ra1+ 54. Kb3 Re4 55. Rc3 Rb1+ 56. Kc2 Rexb4 57. Rff3 R1b2+ 58. Kd3 Rb6 59. Ke3 Re6+ 60. Kd3 Rb4 61. Rh3+ Kg6 62. Re3 Rd6+ 63. Kc2 Ra4 64. Rg3+ Kf7 65. Rcf3+ Rf6 66. Rxf6+ gxf6 67. Rf3 Ra2+ 68. Kd1 Ra1+ 69. Ke2 Ra2+ 70. Kf1 Ke6 71. Kg2 f5 72. Re3+ Kf6 73. Rb3 Kg5 74. Rb5 Kf4 75. Rb4+ Kg5 76. Rb5 Kg4 77. Rb4+ f4 78. Rc4 Rb2 79. Ra4 Rb5 80. Rc4 Kf5 81. Kf3 Rb3+ 82. Kg2 Ra3 83. Rb4 Kg4 84. Rc4 Rd3 85. Rb4 Rd1 86. Rc4 Kg5 87. Kf3 Rd3+ 88. Ke4 Rd2 89. Kf3 Rd3+ 90. Ke4 Rd2 91. Kf3 Rd3+ 1/2-1/2


[Site "https://www.chess.com"]

[Event "Titled Tuesday Blitz July 18 Late 2023"]
[White "Djordjevic, Dejan N"]
[Black "Tarhan, Adar"]
[WhiteFideId "913316"]
[BlackFideId "34544712"]
[WhiteElo "2078"]
[BlackElo "2602"]
[Result "0-1"]
[Round "3"]
[TimeControl "180+2"]
[Date "2023.07.18"]
[WhiteClock "0:00:00"]
[BlackClock "0:00:01"]
[Board "58"]

1. e4 e6 2. d3 d5 3. Nd2 dxe4 4. dxe4 b6 5. Ngf3 Bb7 6. Bc4 Nf6 7. Qe2 Nbd7 8. O-O Nc5 9. e5 Nd5 10. Nb3 Nxb3 11. Bxb3 Bc5 12. Bg5 Be7 13. Bd2 O-O 14. Rad1 c5 15. Bc1 Qc7 16. a3 Qc6 17. Bc4 Rfd8 18. Rfe1 Nc7 19. Bd3 b5 20. c4 a6 21. Qc2 g6 22. b3 bxc4 23. bxc4 Rab8 24. Bf4 Qe8 25. Rb1 Bxf3 26. gxf3 Rxb1 27. Rxb1 Rb8 28. Be4 Qd8 29. Rxb8 Qxb8 30. Qa4 Qd8 31. Be3 h5 32. Qc6 h4 33. h3 Kg7 34. Kg2 Bf8 35. f4 Qe7 36. Bd2 Qd8 37. Be3 Qe7 38. a4 f5 39. Bf3 Kf7 40. a5 Qd8 41. Bxc5 Bxc5 42. Qxc5 g5 43. Bh5+ Kg7 44. Qd6 Qa8+ 45. Bf3 Qc8 46. Qe7+ Kh8 47. fxg5 Ne8 48. g6 Ng7 49. Qf7 Qd8 50. c5 Qg5+ 51. Kh1 Qc1+ 52. Kh2 Qf4+ 53. Kg2 Qg5+ 54. Kh2 Qf4+ 55. Kg1 Qg5+ 56. Kf1 Qc1+ 57. Ke2 Qc2+ 58. Ke3 Qxc5+ 59. Kd3 Qb5+ 60. Kd4 Qb2+ 61. Kc5 Qxe5+ 62. Kc6 Qc3+ 63. Kd7 Qd3+ 64. Ke7 Qa3+ 65. Kf6 Qc3+ 66. Kg5 Qc1+ 67. Kf6 Qc3+ 68. Ke7 Qc5+ 69. Kd8 Qd6+ 70. Kc8 Qc5+ 71. Kb7 Qb5+ 72. Ka7 Qc5+ 73. Kb8 Qe5+ 74. Kb7 Qb2+ 75. Kxa6 Qb8 0-1


[Site "https://www.chess.com"]

[Event "Titled Tuesday Blitz July 18 Late 2023"]
[White "Yeritsyan, Hayk"]
[Black "Oparin, Grigoriy"]
[WhiteFideId "13307320"]
[BlackFideId "24125890"]
[WhiteElo "2502"]
[BlackElo "2982"]
[Result "0-1"]
[Round "3"]
[TimeControl "180+2"]
[Date "2023.07.18"]
[WhiteClock "0:00:04"]
[BlackClock "0:01:25"]
[Board "59"]

1. d4 Nf6 2. Nf3 b6 3. Bf4 Bb7 4. e3 Nh5 5. Be5 d6 6. Bg3 Nxg3 7. hxg3 g6 8. c3 Bg7 9. Be2 Nd7 10. O-O O-O 11. Nfd2 e5 12. Bf3 d5 13. Na3 Qe7 14. Rc1 c5 15. Nb3 Rad8 16. Nb1 f5 17. dxc5 Nxc5 18. Nxc5 bxc5 19. Re1 g5 20. Qa4 Kh8 21. Rcd1 e4 22. Be2 f4 23. gxf4 gxf4 24. exf4 Rxf4 25. Qxa7 Rdf8 26. Rxd5 Rxf2 27. Qxc5 Qh4 28. Rg5 Rxg2+ 29. Kxg2 e3+ 30. Rd5 Rf2+ 0-1


[Site "https://www.chess.com"]